AoeStats
← erickcisneros1990

Migration

507515535Analyzed
1v1 RM · 14d ago on Sep 18, 2026· 22m 46s· 2 players
Game mode
Random Map
Map size
132×132
Population
200
Speed
Normal
Resources
Standard
Victory
Conquest
Starting age
Dark Age
Ending age
Imperial Age
RankedLock teamsTeams togetherTeam positionsShared explorationLock speedFull tech treeHidden civsTurbo modeCheats
Victory
Defeat
🇲🇽 Vikings · Mexico
792
+15
🇦🇷 Franks · Argentina
768
-32
mvaispapir
10:38 Feudal Age
14:19 Double-Bit Axe
14:26 Gold Mining
15:05 Man-at-Arms
erickcisneros1990
7:24 Loom
13:37 Feudal Age
14:09 Double-Bit Axe
14:13 Fishing Lines
20:53 Castle Age
19:27 Fletching
20:01 Gold Mining
Connection lost

Rejoining the realm…

Still unreachable

The connection could not be restored.

Session expired

The server has moved on; the page needs a fresh start.